 Dungeon Sprint DCSS version 0.24-a0-244-ga6a6ab7 (webtiles) character file.

Game seed: 1220253905823389881

387697 MikeHunt the Black Belt (level 16, 124/138 (143) HPs)
             Began as a Demonspawn Gladiator on Apr 10, 2019.
             Was an Initiate of Gozag.
             Escaped with the Orb!
             The game lasted 00:52:58 (6281 turns).

MikeHunt the Black Belt (Demonspawn Gladiator)      Turns: 6281, Time: 00:52:59

HP:   124/138 (143) AC: 13    Str: 26    XL:     16   Next: 60%
MP:   26/26         EV: 37    Int: 13    God:    Gozag
Gold: 12074         SH:  0    Dex: 28    Spells: 20/29 levels left

rFire    + + .     SeeInvis .     - Unarmed
rCold    + + .     Gourm    .   (no shield)
rNeg     + . .     Faith    .   k - +1 leather armour "Calunlor" {*Corrode +Fly rPois Slay+4}
rPois    +         Spirit   +   i - +2 hat of the Bear Spirit {Spirit, +Rage rN+ MR++}
rElec    +         Reflect  .   R - scarf {rC+ rF+}
rCorr    .         Harm     .   Q - +0 pair of fencer's gloves {Riposte Dex+3}
MR       +++..     Rnd*Rage +   (no boots) Stlth ++........NoTele +
                                e - amulet "Wuejasud" {RegenMP +Inv Str+4 Dex+5}
HPRegen  0.33/turn              m - ring "Soush" {+Blink rElec Str+5}
MPRegen  0.45/turn              s - +5 ring of evasion

@: studying Translocations
A: claws 1, horns 1, talons 2, icy blue scales 3, berserk 1, clever 1, fire
resistance 1, ignite blood, powered by death 2, shaggy fur 1, strong 1, flame
cloud immunity
0: Orb of Zot
a: Potion Petition, Call Merchant, Bribe Branch, Renounce Religion, Evoke Blink,
Evoke Berserk Rage, Evoke Invisibility, Evoke Flight


You escaped.
You worshipped Gozag.
Gozag was extremely pleased with you.
You were not hungry.

You visited 1 branch You collected 24308 gold pieces.
You spent 11104 gold pieces at shops.
You paid 1130 gold pieces to Gozag.

Inventory:

Hand Weapons
 I - the +6 arbalest "Damnation" {damnation}
   (You found it in the Dungeon)
Missiles
 c - 5 throwing nets (quivered)
 v - 4 curare-tipped needles
Armour
 i - the +2 hat of the Bear Spirit (worn) {Spirit, +Rage rN+ MR++}
   (You bought it in a shop in the Dungeon)

   It protects you from negative energy.
   It affects your resistance to hostile enchantments.
   It lets you go berserk.
 k - the +1 leather armour "Calunlor" (worn) {*Corrode +Fly rPois Slay+4}
   (You bought it in a shop in the Dungeon)

   It affects your accuracy and damage with ranged weapons and melee attacks
   (+4).
   It protects you from poison.
   It lets you fly.
   It may corrode you when you take damage.
 G - the +2 scale mail "Bausash" {*Corrode rN+ Int+3}
   (You found it in the Dungeon)

   It affects your intelligence (+3).
   It protects you from negative energy.
   It may corrode you when you take damage.
 P - the +0 ring mail "Tihosopn" {Int+3}
   (You bought it in a shop in the Dungeon)

   It affects your intelligence (+3).
 Q - the +0 pair of fencer's gloves (worn) {Riposte Dex+3}
   (You bought it in a shop in the Dungeon)

   It affects your dexterity (+3).
 R - a scarf of resistance (worn)
 S - the +4 moon troll leather armour {Spirit, Regen++ MP+5}
   (You bought it in a shop in the Dungeon)

   It affects your magic capacity (+5).
   It increases your rate of regeneration.
 Z - the +0 pair of gloves "Makhis" {rC+ SInv}
   (You acquired it in the Dungeon)

   It protects you from cold.
   It lets you see invisible.
Jewellery
 e - the amulet "Wuejasud" (around neck) {RegenMP +Inv Str+4 Dex+5}
   (You bought it in a shop in the Dungeon)

   [amulet of magic regeneration]

   It increases your magic regeneration.
   It affects your strength (+4).
   It affects your dexterity (+5).
   It lets you turn invisible.
 l - the ring of Nurhekix {rF++ rN+ MR+ MP-9 Str+10}
   (You bought it in a shop in the Dungeon)

   [ring of protection from magic]

   It affects your strength (+10).
   It greatly protects you from fire.
   It protects you from negative energy.
   It affects your resistance to hostile enchantments.
   It affects your magic capacity (-9).
 m - the ring "Soush" (left hand) {+Blink rElec Str+5}
   (You acquired it in the Dungeon)

   [ring of strength]

   It affects your strength (+5).
   It insulates you from electricity.
   It lets you blink.
 n - a +3 ring of evasion
 s - a +5 ring of evasion (right hand)
 w - an uncursed ring of protection from cold
 T - the ring of Departure {rCorr Str+5}
   (You found it in the Dungeon)

   [ring of resist corrosion]

   It affects your strength (+5).
 Y - the ring of Benac {+Inv rF+ rC+}
   (You found it in the Dungeon)

   [ring of protection from fire]

   It protects you from fire.
   It protects you from cold.
   It lets you turn invisible.
Wands
 b - a wand of clouds (1)
 X - a wand of disintegration (18)
Scrolls
 a - a scroll of fog
 d - 2 scrolls of identify
 x - a scroll of acquirement
 A - a scroll of amnesia
 B - 8 scrolls of remove curse
 C - a scroll of fear
 J - 3 scrolls of enchant weapon {unknown}
 K - a scroll of magic mapping
 O - a scroll of enchant armour {unknown}
Potions
 f - 5 potions of heal wounds
 g - 5 potions of haste
 h - 14 potions of magic
 p - 12 potions of curing
 q - 17 potions of flight
 t - 3 potions of might
 u - 3 potions of agility
 D - a potion of lignification
 E - 4 potions of brilliance
 F - 2 potions of ambrosia
 L - 3 potions of resistance
 M - 29 potions of mutation
 V - a potion of cancellation
Books
 N - a manual of Translocations
Miscellaneous
 j - a lightning rod (4/4)
 o - 3 sacks of spiders
 y - 4 phantom mirrors
 z - a fan of gales
 W - a phial of floods
Comestibles
 r - 10 rations


   Skills:
 - Level 17.9 Fighting
 - Level 1.7 Throwing
 - Level 8.4 Armour
 - Level 18.7 Dodging
 - Level 13.9 Stealth
 + Level 19.7 Unarmed Combat
 - Level 7.1 Spellcasting
 - Level 10.5 Charms
 - Level 12.3 Necromancy
 - Level 14.4 Transmutations
 - Level 14.4 Earth Magic
 - Level 10.6 Evocations


You had 20 spell levels left.
You knew the following spells:

 Your Spells              Type           Power        Failure   Level  Hunger
a - Statue Form           Tmut/Erth      #####....    7%          6    #######
b - Regeneration          Chrm/Necr      ####......   1%          3    ##.....

Your spell library contained the following spells:

 Spells                   Type           Power        Failure   Level  Hunger
 Passwall                 Tmut/Erth      #####...     1%          2    #......
 Vampiric Draining        Necr           #####.....   1%          3    ##.....
 Petrify                  Tmut/Erth      #####...     1%          4    ####...
 Borgnjor's Vile Clutch   Necr/Erth      #####.....   1%          5    ######.
 Swiftness                Chrm/Air       ###.....     2%          2    #......
 Stone Arrow              Conj/Erth      ###...       2%          3    ##.....
 Spectral Weapon          Hex/Chrm       ###.....     5%          3    ##.....
 Ignite Poison            Fire/Tmut/Pois ###.....     7%          3    ##.....
 Leda's Liquefaction      Hex/Erth       ###.......   9%          4    ####...
 Flame Tongue             Conj/Fire      #....        17%         1    None
 Freeze                   Ice            #...         17%         1    None
 Magic Dart               Conj           #...         17%         1    None
 Summon Butterflies       Summ           #.......     17%         1    None
 Alistair's Intoxication  Tmut/Pois      ###.....     24%         5    ######.
 Yara's Violent Unravell  Hex/Tmut       ###.......   24%         5    ######.
 Blink                    Tloc           N/A          26%         2    #......
 Call Imp                 Summ           #.......     26%         2    #......
 Slow                     Hex            #.......     26%         2    #......
 Throw Frost              Conj/Ice       #.....       26%         2    #......
 Bolt of Draining         Conj/Necr      ###.......   36%         5    ######.
 Call Canine Familiar     Summ           #.......     45%         3    ##.....
 Conjure Flame            Conj/Fire      #.......     45%         3    ##.....
 Mephitic Cloud           Conj/Pois/Air  #.......     45%         3    ##.....
 Summon Guardian Golem    Hex/Summ       #.......     45%         3    ##.....
 Bolt of Magma            Conj/Fire/Erth ###.......   54%         5    ######.
 Iron Shot                Conj/Erth      ###.......   78%         6    #######
 Cause Fear               Hex            #.........   86%         4    ####...
 Sticky Flame             Conj/Fire      #.......     86%         4    ####...
 Summon Ice Beast         Ice/Summ       #.......     86%         4    ####...
 Simulacrum               Ice/Necr       ###.......   90%         6    #######
 Deflect Missiles         Chrm/Air       ###.......   96%         6    #######
 Fireball                 Conj/Fire      #.........   99%         5    ######.
 Metabolic Englaciation   Hex/Ice        #.........   99%         5    ######.
 Silence                  Hex/Air        #.........   99%         5    ######.
 Summon Mana Viper        Hex/Summ       #.......     99%         5    ######.
 Bolt of Cold             Conj/Ice       #.........   100%        6    #######
 Bolt of Fire             Conj/Fire      #.........   100%        6    #######
 Ring of Flames           Chrm/Fire      ###.......   100%        7    #######
 Summon Hydra             Summ           #.........   100%        7    #######
 Discord                  Hex            #.........   100%        8    #######
 Ignition                 Fire           #.........   100%        8    #######
 Shatter                  Erth           #####.....   100%        9    #######


Dungeon Overview and Level Annotations

Branches:
Dungeon (1/1)

Altars:
Cheibriados
Dithmenos
Elyvilon
Fedhas
Gozag
Hepliaklqana
Kikubaaqudgha
Makhleb
Nemelex Xobeh
Okawaru
Qazlal
Ru
Sif Muna
Trog
Uskayaw
Vehumet
Wu Jian
Xom
Yredelemnul
Zin
The Shining One
Beogh
Jiyva
Lugonu

Shops:
D }}!::[(([(:=([*==%=:}!?[(=!:*[!=?%:}==


Innate Abilities, Weirdness & Mutations

You have razor-sharp toenails.
You are completely covered in icy blue scales. (AC +4, rC+)
Your flesh is heat resistant. (rF+)
Your demonic aura causes spilled blood to erupt in flames.
You regenerate health from kills.
You are immune to clouds of flame.
You have sharp fingernails.
You have a pair of small horns on your head.
You tend to lose your temper in combat.
Your mind is acute. (Int +2)
You are covered in fur. (AC +1)
Your muscles are strong. (Str +2)


Message History

You claw the Hell Sentinel!
The Hell Sentinel is severely wounded.
You eviscerate the Hell Sentinel!!!
You kill the Hell Sentinel!
You now have 12074 gold pieces (gained 126).
You see here a fan of gales.
You see here a weird glowing staff.
There is an open door here.
Your transformation is almost over.
You enter the shallow water.
Moving in this stuff is going to be slow.
You revert to your normal fleshy form.
The +0 pair of fencer's gloves {Riposte Dex+3} unmelds from your body.
The +1 leather armour "Calunlor" {*Corrode +Fly rPois Slay+4} unmelds from your body.
En garde!
There is an open door here.
There is an open door here.
There is a staircase leading out of the dungeon here.
Okay, then.
You have escaped!

##########≈≈#'''#+++#####.^..#.##
#########≈≈≈...≈.....#..+.^^.#..#
........#≈≈≈≈.##'##..#..####.#..#
....⌠...#≈≈≈≈##.#.##.####..'.##.#
...∩.∩..#≈≈≈≈#..#..#....#(.#...##
..∩.∩.∩.#≈≈####.#.####..#####..##
.∩.∩!∩.∩#≈##.###'###.##..#..'..#.
∩.∩.[=∩.#≈#.#.##.##...#..#..#..#.
.∩.....∩'≈'##.'.@.'##.'..####..##
∩.......#≈##..##.##...#....###...
▓▓▓▓▓▓###≈##.###'###.##......≈≈≈≈
(..######≈≈####.#.####≈≈.....≈#'#
...#..'^##≈≈≈#..#..#≈≈§§≈≈≈..≈#(_
∩..'..#'##'#≈###.###≈≈§≈≈≈≈≈.≈#..
...#(##≈##)#≈≈##+##≈≈≈≈≈≈≈≈≈≈≈#._
(..###§°°####≈°≈°≈≈≈≈≈≈§≈≈≈≈≈≈#_.
#)###§°≈○°#,#°''#+++#§≈§≈≈≈§§§#._


There were no monsters in sight!

Vanquished Creatures
  Gloorx Vloq (D)
  A greater mummy (D)
  A curse toe (D)
  the Lernaean hydra (D)
  2 golden dragons (D)
  A bone dragon (D)
  An electric golem (D)
  A hellephant (D)
  An Orb Guardian (D)
  A Hell Sentinel (D)
  A deep elf blademaster (D)
  A deep elf master archer (D)
  3 quicksilver dragons (D)
  A kraken (D)
  Gastronok (D)
  Murray (D)
  Kirke (D)
  2 storm dragons (D)
  2 sphinxes (D)
  Roxanne (D)
  A frost giant (D)
  A cacodemon (D)
  An orc warlord (D)
  A draconian shifter (D)
  A vampire knight (D)
  Nessos (D)
  3 lorocyprocas (D)
  A dire elephant (D)
  A crystal guardian (D)
  A fire dragon (D)
  A great orb of eyes (D)
  A deep elf high priest (D)
  A yaktaur captain (D)
  An ice dragon (D)
  A centaur warrior (D)
  An iron elemental (D)
  A death yak (D)
  An iron golem (D)
  Sonja (D)
  A skeletal warrior (D)
  A slime creature (D)
  3 sixfirhies (D)
  A glowing orange brain (D)
  2 unseen horrors (D)
  2 death drakes (D)
  2 deep trolls (D)
  An orange crystal statue (D)
  An obsidian statue (D)
  A harpy (D)
  3 orc sorcerers (D)
  3 manticores (D)
  12 shining eyes (D)
  An elephant (D)
  3 toenail golems (D)
  An oklob plant (D)
  An eye of devastation (D)
  2 spiny frogs (D)
  A yaktaur (D)
  A kobold demonologist (D)
  5 polar bears (D)
  A hornet (D)
  2 tyrant leeches (D)
  2 hippogriffs (D)
  18 flying skulls (D)
  2 redbacks (D)
  2 wyverns (D)
  3 yaks (D)
  A golden eye (D)
  4 neqoxecs (D)
  3 soldier ants (D)
  10 floating eyes (D)
  5 necrophages (D)
  3 black bears (D)
  2 swamp drakes (D)
  4 crocodiles (D)
  2 earth elementals (D)
  A scorpion (D)
  9 electric eels (D)
  A jelly (D)
  4 orc priests (D)
  An iron imp (D)
  4 worker ants (D)
  2 spectral adders (D)
  A ballistomycete (D)
  A ballistomycete spore (D)
182 creatures vanquished.

Vanquished Creatures (others)
  A hippogriff (D)
  Menkaure (D)
  A crocodile (D)
  A ballistomycete spore (D)
  20 tentacles (D)
24 creatures vanquished.

Grand Total: 206 creatures vanquished

Notes
Turn   | Place    | Note
-------+----------+-------------------------------------------
     0 | D        | MikeHunt the Demonspawn Gladiator began the quest for the
                  | Orb.
     0 | D        | Reached XP level 1. HP: 16/16 MP: 1/1
     1 | D        | Noticed a necrophage
     1 | D        | Noticed a necrophage
     1 | D        | Noticed a necrophage
     1 | D        | Noticed a necrophage
     7 | D        | Killed a necrophage
     7 | D        | Reached skill level 6 in Unarmed Combat
     7 | D        | Gained mutation: You are partially covered in icy blue
                  | scales. (AC +2) [demonic ancestry]
     7 | D        | Reached XP level 2. HP: 21/21 MP: 2/2
     7 | D        | Gained mutation: You are mostly covered in icy blue scales.
                  | (AC +3) [demonic ancestry]
     7 | D        | Reached XP level 3. HP: 26/26 MP: 3/3
     7 | D        | Gained mutation: You have sharp toenails. [demonic
                  | ancestry]
     7 | D        | Reached XP level 4. HP: 32/32 MP: 4/4
    10 | D        | Killed a necrophage
    10 | D        | Reached skill level 7 in Unarmed Combat
    10 | D        | Gained mutation: You regenerate a little health from kills.
                  | [demonic ancestry]
    10 | D        | Reached XP level 5. HP: 37/37 MP: 5/5
    10 | D        | Killed a crocodile
    13 | D        | Killed a necrophage
    13 | D        | Reached skill level 8 in Unarmed Combat
    14 | D        | Killed a necrophage
    14 | D        | Reached skill level 9 in Unarmed Combat
    14 | D        | Gained mutation: Your flesh is heat resistant. (rF+)
                  | [demonic ancestry]
    14 | D        | Reached XP level 6. HP: 43/43 MP: 6/6
    25 | D        | Killed Menkaure
    62 | D        | Found a glowing silver altar of Zin.
    62 | D        | Found a radiant altar of Vehumet.
    63 | D        | Found a glowing golden altar of the Shining One.
    63 | D        | Found a basalt altar of Yredelemnul.
    63 | D        | Found a hide-covered altar of Uskayaw.
    64 | D        | Found a shimmering altar of Xom.
    64 | D        | Found a bloodstained altar of Trog.
    64 | D        | Found a burning altar of Makhleb.
    64 | D        | Found a sparkling altar of Nemelex Xobeh.
    65 | D        | Found an ornate altar of the Wu Jian Council.
    65 | D        | Found a deep blue altar of Sif Muna.
    65 | D        | Found a corrupted altar of Lugonu.
    65 | D        | Found a blossoming altar of Fedhas.
    66 | D        | Found a sacrificial altar of Ru.
    66 | D        | Found an ancient bone altar of Kikubaaqudgha.
    66 | D        | Found a white marble altar of Elyvilon.
    67 | D        | Found a stormy altar of Qazlal.
    67 | D        | Found a viscous altar of Jiyva.
    67 | D        | Found a shadowy altar of Dithmenos.
    68 | D        | Found a hazy altar of Hepliaklqana.
    68 | D        | Found a snail-covered altar of Cheibriados.
    70 | D        | Found a roughly hewn altar of Beogh.
    71 | D        | Found an iron altar of Okawaru.
    71 | D        | Found an opulent altar of Gozag.
    80 | D        | Became a worshipper of Gozag Ym Sagoz the Greedy
   135 | D        | Noticed a neqoxec
   135 | D        | Noticed a neqoxec
   135 | D        | Noticed a neqoxec
   135 | D        | Noticed a neqoxec
   135 | D        | Gained mutation: Your magical capacity is low. (-10% MP) [a
                  | neqoxec]
   143 | D        | Gained mutation: You tend to lose your temper in combat. [a
                  | neqoxec]
   144 | D        | Killed a neqoxec
   144 | D        | Reached skill level 10 in Dodging
   144 | D        | Reached skill level 10 in Unarmed Combat
   144 | D        | Reached XP level 7. HP: 39/49 MP: 6/6
   148 | D        | Killed a neqoxec
   159 | D        | Killed a neqoxec
   159 | D        | Reached skill level 11 in Unarmed Combat
   161 | D        | Gained mutation: You are dopey. (Int -2) [a neqoxec]
   165 | D        | Killed a neqoxec
   272 | D        | Noticed a tyrant leech
   272 | D        | Noticed a tyrant leech
   296 | D        | Identified Roxanne's Guide on Stones
   296 | D        | Noticed Roxanne
   302 | D        | Reached XP level 8. HP: 55/55 MP: 7/7
   308 | D        | Found Myulomm's Antique Armour Shoppe.
   308 | D        | Found Gutua's Distillery.
   309 | D        | Found Onocunuo's Book Emporium.
   309 | D        | Found Woexygal's Assorted Antiques.
   310 | D        | Found Sopn's Jewellery Shoppe.
   310 | D        | Found Warchaduips's Distillery.
   311 | D        | Found Acerriocw's Magic Scroll Shoppe.
   312 | D        | Found Otietoq's Food Emporium.
   312 | D        | Found Wifyagic's Jewellery Shoppe.
   313 | D        | Found Zodita's Antique Weapon Emporium.
   313 | D        | Found Keefrefek's Antique Armour Shoppe.
   317 | D        | Found Ceowimas's Antique Weapon Shoppe.
   317 | D        | Found Uzebamumm's Antique Weapon Emporium.
   317 | D        | Noticed an oklob plant
   318 | D        | Found Adajimp's Gadget Emporium.
   318 | D        | Found Xupy's Distillery.
   318 | D        | Found Leyweolu's Book Shoppe.
   320 | D        | Noticed a manticore
   323 | D        | Bought the +2 hat of the Bear Spirit {Spirit, +Rage rN+
                  | MR++} for 899 gold pieces
   323 | D        | Found the +2 hat of the Bear Spirit {Spirit, +Rage rN+
                  | MR++}
   338 | D        | Noticed a slime creature
   339 | D        | Noticed a slime creature
   341 | D        | Noticed a manticore
   341 | D        | Noticed a manticore
   342 | D        | Noticed a slime creature
   352 | D        | Bought a distressingly furry leather armour for 217 gold
                  | pieces
   362 | D        | Identified the +1 leather armour "Calunlor" {*Corrode +Fly
                  | rPois Slay+4} (You bought it in a shop in the Dungeon)
   381 | D        | Killed a tyrant leech
   390 | D        | Killed a tyrant leech
   390 | D        | Reached skill level 5 in Fighting
   412 | D        | Bought a pair of gloves for 139 gold pieces
   427 | D        | Bought a cloak for 139 gold pieces
   446 | D        | Bought a +3 ring of evasion for 273 gold pieces
   447 | D        | Bought a +2 ring of evasion for 130 gold pieces
   503 | D        | Noticed a yaktaur
   503 | D        | Noticed a hornet
   503 | D        | Noticed a polar bear
   503 | D        | Noticed a polar bear
   509 | D        | Killed a polar bear
   509 | D        | Reached skill level 5 in Evocations
   518 | D        | Killed a polar bear
   519 | D        | Noticed a polar bear
   525 | D        | Killed a polar bear
   525 | D        | Reached skill level 12 in Unarmed Combat
   525 | D        | Reached XP level 9. HP: 44/71 MP: 5/12
   532 | D        | Killed a yaktaur
   734 | D        | Bought a ration for 70 gold pieces
   734 | D        | Bought a ration for 70 gold pieces
   761 | D        | Noticed a death drake
   763 | D        | Noticed a death drake
   770 | D        | Killed a death drake
   770 | D        | Reached skill level 13 in Unarmed Combat
   777 | D        | Killed a death drake
   994 | D        | Noticed an ice dragon
  1177 | D        | Bought the amulet "Wuejasud" {RegenMP +Inv Str+4 Dex+5} for
                  | 817 gold pieces
  1210 | D        | Reached skill level 1 in Stealth
  1216 | D        | Gained mutation: You have razor-sharp toenails. [demonic
                  | ancestry]
  1216 | D        | Reached XP level 10. HP: 83/83 MP: 12/12
  1348 | D        | Killed an ice dragon
  1361 | D        | Noticed a deep elf master archer
  1367 | D        | Noticed an iron elemental
  1389 | D        | Killed an iron elemental
  1650 | D        | Noticed a crystal guardian
  1657 | D        | Killed a crystal guardian
  1733 | D        | Killed a deep elf master archer
  1733 | D        | Gained mutation: You regenerate health from kills. [demonic
                  | ancestry]
  1733 | D        | Reached XP level 11. HP: 43/89 MP: 5/13
  2020 | D        | Bought a runed ring mail for 203 gold pieces
  2032 | D        | Bought a potion of heal wounds for 65 gold pieces
  2039 | D        | Bought a ration for 70 gold pieces
  2039 | D        | Bought a ration for 70 gold pieces
  2039 | D        | Bought a ration for 70 gold pieces
  2041 | D        | Bought a +5 ring of evasion for 550 gold pieces
  2045 | D        | Bought a potion of curing for 33 gold pieces
  2045 | D        | Bought a potion of heal wounds for 55 gold pieces
  2045 | D        | Bought a potion of curing for 33 gold pieces
  2045 | D        | Bought a potion of curing for 33 gold pieces
  2045 | D        | Bought a potion of might for 44 gold pieces
  2045 | D        | Bought a potion of might for 44 gold pieces
  2081 | D        | Noticed a fire dragon
  2096 | D        | Reached skill level 1 in Armour
  2113 | D        | Noticed an electric golem
  2130 | D        | Killed an unseen horror
  2256 | D        | Reached skill level 14 in Unarmed Combat
  2300 | D        | Killed an unseen horror
  2392 | D        | Noticed a kraken
  2438 | D        | Killed a kraken
  2438 | D        | Reached skill level 10 in Fighting
  2601 | D        | Noticed a deep troll
  2602 | D        | Noticed a deep troll
  2607 | D        | Killed a deep troll
  2607 | D        | Reached skill level 5 in Armour
  2609 | D        | Killed a deep troll
  2735 | D        | Noticed a sphinx
  2736 | D        | Noticed a sphinx
  2743 | D        | Killed a sphinx
  2749 | D        | Killed a sphinx
  2749 | D        | Reached skill level 15 in Unarmed Combat
  2749 | D        | Gained mutation: You are completely covered in icy blue
                  | scales. (AC +4, rC+) [demonic ancestry]
  2749 | D        | Reached XP level 12. HP: 100/100 MP: 14/17
  2865 | D        | Killed a fire dragon
  2891 | D        | Bought 2 potions of mutation for 176 gold pieces
  2891 | D        | Bought a potion of degeneration for 11 gold pieces
  2905 | D        | Bought a scroll of identify for 26 gold pieces
  2905 | D        | Bought a scroll of identify for 26 gold pieces
  2905 | D        | Bought a scroll of identify for 26 gold pieces
  2905 | D        | Bought a scroll of identify for 26 gold pieces
  2905 | D        | Bought a scroll of remove curse for 39 gold pieces
  2905 | D        | Bought a scroll of fog for 26 gold pieces
  2926 | D        | Bought a cursed -2 ring of dexterity for 26 gold pieces
  2932 | D        | Bought a wand of clouds (5) for 270 gold pieces
  2932 | D        | Bought a sack of spiders for 200 gold pieces
  2932 | D        | Bought a sack of spiders for 200 gold pieces
  2932 | D        | Bought a sack of spiders for 200 gold pieces
  2950 | D        | Lost mutation: You tend to lose your temper in combat.
                  | [potion of mutation]
  2950 | D        | Lost mutation: Your magical capacity is low. (-10% MP)
                  | [potion of mutation]
  2950 | D        | Lost mutation: You are dopey. (Int -2) [potion of mutation]
  2950 | D        | Gained mutation: Your spells are a little harder to cast,
                  | but a little more powerful. [potion of mutation]
  2950 | D        | Gained mutation: Your mind is acute. (Int +2) [potion of
                  | mutation]
  2950 | D        | Gained mutation: You are agile. (Dex +2) [potion of
                  | mutation]
  2950 | D        | Gained mutation: You are robust. (+10% HP) [potion of
                  | mutation]
  2995 | D        | Killed an electric golem
  2995 | D        | Reached skill level 10 in Evocations
  3027 | D        | Got a shimmering scale mail
  3031 | D        | Identified the Catalogue of Transmigration and Sinister
                  | Rituals
  3033 | D        | Identified Sif Muna's Catalogue of Cloudy Earth
  3167 | D        | Identified the +2 scale mail "Bausash" {*Corrode rN+ Int+3}
                  | (You found it in the Dungeon)
  3224 | D        | Killed Roxanne
  3235 | D        | Learned a level 6 spell: Statue Form
  3244 | D        | Noticed a centaur warrior
  3244 | D        | Noticed Kirke
  3244 | D        | Noticed a golden dragon
  3249 | D        | Noticed a storm dragon
  3250 | D        | Reached skill level 1 in Transmutations
  3250 | D        | Reached skill level 1 in Earth Magic
  3251 | D        | Noticed a cacodemon
  3258 | D        | Noticed a frost giant
  3260 | D        | Killed a centaur warrior
  3261 | D        | Noticed a yaktaur captain
  3291 | D        | Killed a storm dragon
  3291 | D        | Reached skill level 16 in Unarmed Combat
  3301 | D        | Killed Kirke
  3301 | D        | Reached XP level 13. HP: 78/118 MP: 14/21
  3313 | D        | Killed a golden dragon
  3317 | D        | Killed a cacodemon
  3322 | D        | Killed a frost giant
  3327 | D        | Reached skill level 10 in Transmutations
  3327 | D        | Reached skill level 10 in Earth Magic
  3328 | D        | Noticed a bone dragon
  3341 | D        | Killed a bone dragon
  3592 | D        | Reached skill level 1 in Spellcasting
  3663 | D        | Found Marur's Gadget Emporium.
  3663 | D        | Found Hedec's Book Shop.
  3663 | D        | Found Oneesakh's Food Shop.
  3663 | D        | Found Ijisoytu's Armour Shoppe.
  3663 | D        | Found Cybec's Book Boutique.
  3664 | D        | Found Sotzasi's Weapon Shoppe.
  3664 | D        | Found Adosopha's Jewellery Boutique.
  3664 | D        | Found Gij Myrr's Gadget Emporium.
  3664 | D        | Found Busas's Antique Armour Shop.
  3664 | D        | Found Loifuav's Jewellery Emporium.
  3664 | D        | Found Laemosite's Distillery.
  3664 | D        | Found Janef's Weapon Shoppe.
  3679 | D        | Bought a pitted ring mail for 171 gold pieces
  3679 | D        | Bought the +0 pair of fencer's gloves {Riposte Dex+3} for
                  | 760 gold pieces
  3679 | D        | Found the +0 pair of fencer's gloves {Riposte Dex+3}
  3707 | D        | Identified the cursed +0 ring mail "Tihosopn" {Int+3} (You
                  | bought it in a shop in the Dungeon)
  3761 | D        | Noticed a storm dragon
  3767 | D        | Killed a storm dragon
  3774 | D        | Found Voepeh's Jewellery Boutique.
  3774 | D        | Found Ixishrak's Gadget Shoppe.
  3774 | D        | Found Muto's Food Emporium.
  3774 | D        | Found Yneur's Jewellery Boutique.
  3774 | D        | Noticed a golden dragon
  3780 | D        | Killed a golden dragon
  3795 | D        | Bought the ring of Nurhekix {rF++ rN+ MR+ MP-9 Str+10} for
                  | 725 gold pieces
  3861 | D        | Reached skill level 5 in Spellcasting
  3903 | D        | Noticed an orc warlord
  3970 | D        | Noticed the 27-headed Lernaean hydra
  3986 | D        | Reached XP level 14. HP: 118/126 MP: 19/22
  4041 | D        | Killed an orc warlord
  4050 | D        | Identified 4 scrolls of acquirement
  4069 | D        | Got a twitching turquoise ring
  4071 | D        | Identified the ring "Soush" {+Blink rElec Str+5} (You
                  | acquired it in the Dungeon)
  4284 | D        | Killed the 27-headed Lernaean hydra
  4298 | D        | Found Hyusopt's Armour Shoppe.
  4316 | D        | Bought the +4 moon troll leather armour {Spirit, Regen++
                  | MP+5} for 654 gold pieces
  4316 | D        | Found the +4 moon troll leather armour {Spirit, Regen++
                  | MP+5}
  4366 | D        | Got a faintly glowing wooden ring
  4369 | D        | Found Gasyat's Magic Scroll Boutique.
  4369 | D        | Found Yvyod's Book Shoppe.
  4447 | D        | Bought a potion of cancellation for 104 gold pieces
  4447 | D        | Bought a potion of flight for 39 gold pieces
  4447 | D        | Bought a potion of heal wounds for 65 gold pieces
  4447 | D        | Bought a potion of curing for 39 gold pieces
  4447 | D        | Bought a potion of curing for 39 gold pieces
  4447 | D        | Bought a potion of curing for 39 gold pieces
  4447 | D        | Bought a potion of agility for 52 gold pieces
  4447 | D        | Bought a potion of resistance for 130 gold pieces
  4448 | D        | Bought a scroll of magic mapping for 80 gold pieces
  4480 | D        | Bought the Disquisition on the Blaze and Necromancy for 660
                  | gold pieces
  4484 | D        | Learned a level 3 spell: Regeneration
  4486 | D        | Bought a ration for 55 gold pieces
  4486 | D        | Bought a ration for 55 gold pieces
  4486 | D        | Bought a ration for 55 gold pieces
  4486 | D        | Bought a ration for 55 gold pieces
  4486 | D        | Bought a ration for 55 gold pieces
  4486 | D        | Bought a ration for 55 gold pieces
  4486 | D        | Bought a ration for 55 gold pieces
  4486 | D        | Bought a ration for 55 gold pieces
  4491 | D        | Bought a phial of floods for 480 gold pieces
  4491 | D        | Bought a wand of disintegration (18) for 264 gold pieces
  4498 | D        | Bought a potion of curing for 33 gold pieces
  4498 | D        | Bought a potion of agility for 44 gold pieces
  4498 | D        | Bought a potion of brilliance for 44 gold pieces
  4498 | D        | Bought a potion of haste for 110 gold pieces
  4498 | D        | Bought a potion of curing for 33 gold pieces
  4498 | D        | Bought a potion of curing for 33 gold pieces
  4498 | D        | Bought a potion of heal wounds for 55 gold pieces
  4498 | D        | Bought a potion of cancellation for 88 gold pieces
  4498 | D        | Bought a potion of haste for 110 gold pieces
  4498 | D        | Bought a potion of brilliance for 44 gold pieces
  4586 | D        | HP: 6/122 [poison (dark miasma)]
  5145 | D        | Identified the ring of Departure {rCorr Str+5} (You found
                  | it in the Dungeon)
  5178 | D        | Reached skill level 1 in Necromancy
  5185 | D        | Reached skill level 1 in Charms
  5222 | D        | Found Tiroemi's Book Emporium.
  5223 | D        | Found Isod's Assorted Antiques.
  5226 | D        | Noticed Nessos
  5236 | D        | Killed Nessos
  5243 | D        | Bought a scroll labeled QAEZXUNORA for 29 gold pieces
  5243 | D        | Bought a bardiche for 261 gold pieces
  5244 | D        | Gained mutation: You are immune to clouds of flame.
                  | [demonic ancestry]
  5244 | D        | Reached XP level 15. HP: 129/129 MP: 25/25
  5247 | D        | Bought a scroll labeled QAEZXUNORA for 29 gold pieces
  5247 | D        | Bought 2 scrolls of identify for 116 gold pieces
  5247 | D        | Bought a scroll of identify for 58 gold pieces
  5279 | D        | Reached skill level 5 in Necromancy
  5285 | D        | Reached skill level 5 in Charms
  5292 | D        | Noticed Gastronok
  5299 | D        | Killed Gastronok
  5370 | D        | Identified the Guide on the Mountains and Malediction
  5397 | D        | Identified the Papyrus of the Snowflakes
  5401 | D        | Got a fine bronze ring
  5403 | D        | Identified the ring of Benac {+Inv rF+ rC+} (You found it
                  | in the Dungeon)
  5408 | D        | Got a pair of steaming gloves
  5419 | D        | Identified the +0 pair of gloves "Makhis" {rC+ SInv} (You
                  | acquired it in the Dungeon)
  5526 | D        | Gained mutation: Armour fits poorly on your strangely
                  | shaped body. [mutagenic glow]
  5607 | D        | Lost mutation: You are agile. (Dex +2) [mutagenic glow]
  5672 | D        | Noticed a deep elf blademaster
  5682 | D        | Killed a deep elf blademaster
  5682 | D        | Reached skill level 10 in Necromancy
  5759 | D        | Noticed a hellephant
  5762 | D        | Noticed Sonja
  5784 | D        | Killed a hellephant
  5784 | D        | Reached skill level 10 in Charms
  5845 | D        | Gained mutation: Potions are less effective at restoring
                  | your health. [a shining eye]
  5845 | D        | Gained mutation: You are clumsy. (Dex -2) [a shining eye]
  5845 | D        | Gained mutation: You tend to lose your temper in combat. [a
                  | shining eye]
  5846 | D        | Gained mutation: Your body sometimes deteriorates upon
                  | taking damage. [a shining eye]
  5846 | D        | Gained mutation: You often lose your temper in combat. [a
                  | shining eye]
  5847 | D        | Paralysed by a floating eye for 2 turns
  5848 | D        | Gained mutation: You have an uncontrollable temper. [a
                  | shining eye]
  5850 | D        | Gained mutation: Your magical capacity is low. (-10% MP) [a
                  | shining eye]
  5851 | D        | Reached skill level 15 in Dodging
  5854 | D        | Paralysed by a floating eye for 3 turns
  5861 | D        | Found the +6 arbalest "Damnation" {damnation}
  5903 | D        | Lost mutation: Your mind is acute. (Int +2) [potion of
                  | mutation]
  5903 | D        | Lost mutation: Your magical capacity is low. (-10% MP)
                  | [potion of mutation]
  5903 | D        | Lost mutation: You are robust. (+10% HP) [potion of
                  | mutation]
  5903 | D        | Lost mutation: Your spells are a little harder to cast, but
                  | a little more powerful. [potion of mutation]
  5903 | D        | Lost mutation: Armour fits poorly on your strangely shaped
                  | body. [potion of mutation]
  5903 | D        | Gained mutation: Your muscles are strong. (Str +2) [potion
                  | of mutation]
  5903 | D        | Lost mutation: You are clumsy. (Dex -2) [potion of
                  | mutation]
  5903 | D        | Gained mutation: You are agile. (Dex +2) [potion of
                  | mutation]
  5905 | D        | Lost mutation: You are agile. (Dex +2) [potion of mutation]
  5905 | D        | Lost mutation: Your muscles are strong. (Str +2) [potion of
                  | mutation]
  5905 | D        | Gained mutation: You are weak. (Str -2) [potion of
                  | mutation]
  5905 | D        | Gained mutation: You have a pair of small horns on your
                  | head. [potion of mutation]
  5905 | D        | Gained mutation: You expend magic power (3 MP) to
                  | strengthen your wands. [potion of mutation]
  5906 | D        | Lost mutation: You are weak. (Str -2) [potion of mutation]
  5906 | D        | Lost mutation: Your body sometimes deteriorates upon taking
                  | damage. [potion of mutation]
  5906 | D        | Lost mutation: You expend magic power (3 MP) to strengthen
                  | your wands. [potion of mutation]
  5906 | D        | Lost mutation: You have a pair of small horns on your head.
                  | [potion of mutation]
  5906 | D        | Gained mutation: You occasionally shout uncontrollably at
                  | your foes. [potion of mutation]
  5906 | D        | Gained mutation: Your magical capacity is low. (-10% MP)
                  | [potion of mutation]
  5906 | D        | Gained mutation: Your muscles are strong. (Str +2) [potion
                  | of mutation]
  5907 | D        | Lost mutation: You occasionally shout uncontrollably at
                  | your foes. [potion of mutation]
  5907 | D        | Lost mutation: Your magical capacity is low. (-10% MP)
                  | [potion of mutation]
  5907 | D        | Lost mutation: You have an uncontrollable temper. [potion
                  | of mutation]
  5907 | D        | Gained mutation: You have a pair of small horns on your
                  | head. [potion of mutation]
  5907 | D        | Gained mutation: Your mind is acute. (Int +2) [potion of
                  | mutation]
  5908 | D        | Lost mutation: You often lose your temper in combat.
                  | [potion of mutation]
  5908 | D        | Lost mutation: Potions are less effective at restoring your
                  | health. [potion of mutation]
  5908 | D        | Gained mutation: You have sharp fingernails. [potion of
                  | mutation]
  5908 | D        | Gained mutation: You are covered in fur. (AC +1) [potion of
                  | mutation]
  5946 | D        | Noticed a quicksilver dragon
  5952 | D        | Killed a quicksilver dragon
  5953 | D        | Killed Sonja
  5953 | D        | Reached skill level 17 in Unarmed Combat
  5970 | D        | Noticed a quicksilver dragon
  5972 | D        | Noticed a quicksilver dragon
  5974 | D        | Killed a quicksilver dragon
  5976 | D        | Killed a quicksilver dragon
  5976 | D        | Gained mutation: Your demonic aura causes spilled blood to
                  | erupt in flames. [demonic ancestry]
  5976 | D        | Reached XP level 16. HP: 129/129 MP: 18/26
  6155 | D        | Noticed a curse toe
  6156 | D        | Noticed a greater mummy
  6156 | D        | Noticed Gloorx Vloq
  6158 | D        | Noticed an Executioner
  6158 | D        | Noticed an Executioner
  6166 | D        | Killed Gloorx Vloq
  6166 | D        | Reached skill level 18 in Unarmed Combat
  6169 | D        | Killed a curse toe
  6185 | D        | Killed a greater mummy
  6185 | D        | Reached skill level 19 in Unarmed Combat
  6208 | D        | Noticed Murray
  6213 | D        | Killed Murray
  6222 | D        | Got the Orb of Zot
  6234 | D        | Noticed an Orb Guardian
  6238 | D        | Killed an Orb Guardian
  6241 | D        | Noticed a Hell Sentinel
  6247 | D        | Killed a Hell Sentinel
  6281 | D        | Escaped with the Orb!

Levels and vault maps discovered:
D:        the_violet_keep_of_menkaure [sprint2_stairs_cluster_1,
          sprint2_shoproom, sprint2_temple, sprint2_basic_supplies,
          sprint2_obstacle_1, sprint2_obstacle_7, sprint2_obstacle_6,
          sprint2_obstacle_3, sprint2_obstacle_4, sprint2_timed_cluster_1,
          sprint2_smallroom_cluster_1, sprint2_smallroom_final_cluster_1,
          sprint2_transparent_cluster_1, sprint2_second_timed_cluster_1,
          sprint2_sniper_area_1, sprint2_heavy_combat_area_1,
          sprint2_mutation_trap_area_1, sprint2_forest_area_1,
          sprint2_light_combat_area_1, sprint2_behind_water_1,
          sprint2_near_end_vault_1]

Skill      XL: |  1  2  3  4  5  6  7  8  9 10 11 12 13 14 15 16 |
---------------+-------------------------------------------------+-----
Dodging        | 6 7 9 10 11 12 14 16 18 | 18.7
Unarmed Combat | 6 7 9 10 11 12 13 15 16 17 19 | 19.7
Fighting       | 7 9 11 12 14 17 | 17.9
Evocations     | 5 9 10 | 10.6
Stealth        | 4 13 | 13.9
Armour         | 6 8 |  8.4
Transmutations | 6 13 14 | 14.4
Earth Magic    | 6 13 14 | 14.4
Spellcasting   | 5 7 |  7.1
Necromancy     | 4 12 | 12.3
Charms         | 3 10 | 10.5
Throwing       | |  1.7

Action                   |  1- 3 |  4- 6 |  7- 9 | 10-12 | 13-15 | 16-18 || total
-------------------------+-------+-------+-------+-------+-------+-------++-------
Melee: Unarmed           |     4 |    31 |    82 |   252 |   275 |    50 ||   694
       Kick              |       |     4 |    29 |   171 |   174 |    30 ||   408
       Punch             |       |     1 |     6 |    44 |    51 |     4 ||   106
       Headbutt          |       |       |       |       |     1 |    16 ||    17
 Cast: Statue Form       |       |       |       |       |     4 |     2 ||     6
       Regeneration      |       |       |       |       |       |     1 ||     1
Invok: Call Merchant     |       |       |       |     1 |     1 |       ||     2
       Potion Petition   |       |       |       |       |     1 |       ||     1
 Abil: Evoke Berserk Rag |       |       |     3 |     5 |     5 |       ||    13
       Evoke Invisibilit |       |       |     1 |     5 |     2 |       ||     8
       Evoke Flight      |       |       |       |     4 |     8 |       ||    12
       End Transformatio |       |       |       |       |       |     1 ||     1
Evoke: Wand              |       |       |       |       |     4 |       ||     4
  Use: Potion            |     1 |       |     1 |     2 |    10 |     2 ||    16
       Scroll            |       |       |       |     6 |    13 |     2 ||    21
 Stab: Distracted        |       |     1 |     1 |     1 |     6 |       ||     9
       Invisible         |       |       |     4 |    31 |    10 |       ||    45
       Sleeping          |       |       |       |     3 |     7 |     1 ||    11
  Eat: Ration            |       |       |     2 |     4 |     5 |     1 ||    12
Armor: Leather armour    |       |     3 |    12 |     4 |    13 |       ||    32
       Ring mail         |       |       |       |    46 |       |       ||    46
       Skin              |       |       |       |       |    46 |     7 ||    53
       Troll leather arm |       |       |       |       |     1 |       ||     1
Dodge: Dodged            |     2 |    11 |    62 |   333 |   282 |    49 ||   739
       Rpst.: Unarmed    |       |       |       |       |    26 |       ||    26

Table legend:
 A = Non-vault XP
 B = Vault XP
 C = Vault XP percentage of total XP
 D = Non-vault monster count
 E = Vault monster count
 F = Vault count percentage of total count
                 A         B        C        D         E       F
            +---------+---------+-------+---------+---------+-------
      Total |    3023 |  140137 |  97.9 |       2 |     177 |  98.9
            +---------+---------+-------+---------+---------+-------
          D |    3023 |  140137 |  97.9 |       2 |     177 |  98.9
            +---------+---------+-------+---------+---------+-------
